 Dungeon Crawl Stone Soup version 0.17-a0-995-gb5fa8d7 (webtiles) character file.

683 oplop the Skirmisher (level 7, 60/60 HPs)
             Began as a White Draconian Fire Elementalist on May 12, 2015.
             Quit the game on level 4 of the Dungeon.
             The game lasted 00:07:21 (3238 turns).

oplop the Skirmisher (DrFE)                         Turns: 3238, Time: 00:07:21

Health: 60/60      AC:  9    Str: 10    XL:     7   Next: 35%
Magic:  12/12      EV: 12    Int: 18    God:
Gold:   259        SH:  0    Dex: 11    Spells: 3 memorised, 6 levels left

rFire  . . .     SeeInvis .     q - +1 whip (elec)
rCold  + . .     Clarity  .     (armour unavailable)
rNeg   . . .     SustAb   .     (no shield)
rPois  .         Gourm    .     (helmet restricted)
rElec  .         Spirit   .     n - +1 cloak
rCorr  .         Warding  .     j - +0 pair of gloves
rMut   .         Stasis   .     (no boots)
MR     .....                    (no amulet)
Stlth  ++........               (no ring)
                                (no ring)

@: not resistant to hostile enchantments, unstealthy
A: breathe frost, unfitting armour, cold resistance 1, cold-blooded, AC +6
a: Breathe Frost


You were on level 4 of the Dungeon.
You were not hungry.

You visited 1 branch of the dungeon, and saw 4 of its levels.

You collected 259 gold pieces.

Inventory:

Hand weapons
 g - a +0 spear
 q - a +1 whip of electrocution (weapon)
Armour
 j - a +0 pair of gloves (worn)
 n - a +1 cloak (worn)
Jewellery
 r - an uncursed amulet of resist mutation {unknown}
Scrolls
 c - 2 scrolls of enchant armour
 e - 4 scrolls of identify (quivered)
 l - a scroll of fear {unknown}
 m - 5 scrolls of remove curse {unknown}
 o - a scroll of magic mapping {unknown}
 p - 2 scrolls of amnesia {unknown}
Potions
 d - 4 potions of heal wounds
 i - 4 potions of curing
 t - a potion of brilliance {unknown}
Books
 a - a book of Flames

   Spells                             Type                      Level
   a - Flame Tongue                   Conjuration/Fire             1
   b - Throw Flame                    Conjuration/Fire             2
   c - Conjure Flame                  Conjuration/Fire             3
   d - Inner Flame                    Hexes/Fire                   3
   e - Sticky Flame                   Conjuration/Fire             4
   f - Fireball                       Conjuration/Fire             5
Comestibles
 b - 3 bread rations
 f - 3 beef jerkies
 h - a royal jelly
 k - a meat ration


   Skills:
 + Level 4.5 Fighting
 + Level 1.3 Maces & Flails
 - Level 1.7 Dodging
 - Level 1.7 Stealth
 - Level 3.7 Spellcasting
 + Level 3.9 Conjurations
 - Level 4.0 Fire Magic


You had 6 spell levels left.
You knew the following spells:

 Your Spells              Type           Power        Failure   Level  Hunger
a - Flame Tongue          Conj/Fire      ###..        3%          1    None
b - Conjure Flame         Conj/Fire      ###.....     12%         3    ###....
c - Inner Flame           Hex/Fire       ##......     24%         3    ###....


Dungeon Overview and Level Annotations

Branches:
Dungeon (4/15)
 Temple: D:4-7

Altars:
Cheibriados
Dithmenos
Elyvilon
Nemelex Xobeh


Innate Abilities, Weirdness & Mutations

You can breathe waves of freezing cold.
You can buffet flying creatures when you breathe cold.
Your icy white scales are hard (AC +6).
Your body does not fit into most forms of armour.
Your flesh is cold resistant.
You are cold-blooded and may be slowed by cold attacks.


Message History

The bat is severely wounded.
The bat hits you but does no damage. The bat closely misses you.
You hit the bat.
The bat is severely wounded.
The bat hits you but does no damage. The bat misses you.
You barely miss the bat.
The bat is severely wounded.
The bat hits you but does no damage. x2
You whack the bat!
You kill the bat!
No target in view!
No target in view!
Quiver which item? (- for none, * to show all) (? for menu, Esc to quit)
You don't have any such object.
Quiver which item? (- for none, * to show all) (? for menu, Esc to quit)
Quivering
e - 4 scrolls of identify for throwing.
Unknown command.
Quiver which item? (- for none, * to show all) (? for menu, Esc to quit)
Okay, then.
Are you sure you want to abandon this character and quit the game? (Confirm with "yes".)

#. #. #. .. .. ####### .
###### #.....#
....######....# #.#....
...[..†@.#....# #.#....
....####.#....####.#....
# #.#....##...#....
#.#....##.###....
#.....†...# ###.#
###....#### #.# ######
#.# #.# #.#


There were no monsters in sight!

Vanquished Creatures
  A phantom (D:4)
  An ogre (D:4)
  A big kobold (D:4)
  A scorpion (D:4)
  2 orc priests
  An orc wizard (D:3)
  2 worker ants (D:4)
  Robin (D:3)
  7 gnolls
  4 adders
  An ooze (D:1)
  5 worms
  3 giant geckos
  11 orcs
  2 ball pythons
  2 giant cockroaches
  16 goblins
  7 hobgoblins
  10 jackals (D:1)
  32 kobolds
  A quokka (D:4)
  7 bats
  3 giant newts
  A rat (D:4)
122 creatures vanquished.

Notes
Turn   | Place    | Note
--------------------------------------------------------------
     0 | D:1      | oplop the Draconian Fire Elementalist began the quest for the Orb.
     0 | D:1      | Reached XP level 1. HP: 14/14 MP: 3/3
   222 | D:1      | Reached XP level 2. HP: 14/22 MP: 0/5
   365 | D:1      | Reached skill level 1 in Fighting
   456 | D:1      | Reached XP level 3. HP: 6/28 MP: 1/6
  1062 | D:2      | Found a shadowy altar of Dithmenos.
  1120 | D:2      | Reached XP level 4. HP: 22/36 MP: 3/7
  1769 | D:3      | Reached XP level 5. HP: 23/42 MP: 7/9
  1825 | D:3      | Noticed Robin
  1846 | D:3      | Killed Robin
  1992 | D:3      | Found a white marble altar of Elyvilon.
  2086 | D:4      | Noticed an ogre
  2092 | D:4      | Reached skill level 4 in Fire Magic
  2098 | D:4      | Learned a level 3 spell: Conjure Flame
  2123 | D:4      | Killed an ogre
  2123 | D:4      | Reached XP level 6. HP: 26/51 MP: 0/10
  2175 | D:4      | Learned a level 3 spell: Inner Flame
  2240 | D:4      | Noticed a phantom
  2492 | D:3      | Found a snail-covered altar of Cheibriados.
  2874 | D:4      | Killed a phantom
  2874 | D:4      | Your scales start taking on a icy white colour.
  2874 | D:4      | Gained mutation: Your flesh is cold resistant. [White Draconian growth]
  2874 | D:4      | Reached XP level 7. HP: 41/59 MP: 12/12
  2937 | D:4      | Found a sparkling altar of Nemelex Xobeh.
  3005 | D:4      | Reached skill level 1 in Maces & Flails
  3238 | D:4      | Quit the game

Vault maps used:
D:1:      saegor_arrival_simple_d
D:2:      grunt_dithmenos_smoke, first_bread
D:3:      nicolae_overflow_hidden_temple, cheibriados_altar_1, uniq_robin
D:4:      kennysheep_kobold_camp, kennysheep_mini, nemelex_diamond_rough_becter

Action                   |  1- 3 |  4- 6 |  7- 9 || total
-------------------------+-------+-------+-------++-------
Melee: Unarmed           |    33 |       |       ||    33
       Spear             |    66 |       |       ||    66
       Whip              |     2 |   169 |    70 ||   241
 Cast: Flame Tongue      |    24 |    27 |     3 ||    54
       Conjure Flame     |       |     1 |     1 ||     2
       Inner Flame       |       |       |     1 ||     1
 Abil: Breathe Frost     |       |       |     1 ||     1
  Use: Scroll            |       |     4 |       ||     4
       Potion            |       |     4 |       ||     4
  Eat: Chunk             |       |     4 |       ||     4
       Meat ration       |       |     1 |       ||     1
